 Dungeon Crawl Stone Soup version 0.30.1-1-g62c8e00024 (webtiles) character file.

Game seed: 14037407569500061346

12682 tizbic2 the Thaumaturge (level 11, -20/63 HPs)
             Began as a Demigod Conjurer on July 16, 2023.
             Killed from afar by a raiju (25 damage)
             ... with a living lightning
             ... on level 2 of the Abyss on July 17, 2023.
             The game lasted 00:52:24 (10161 turns).

tizbic2 the Thaumaturge (Demigod Conjurer)         Turns: 10161, Time: 00:52:25

Health: -20/63     AC:  6    Str: 11      XL:     11   Next: 39%
Magic:  27/27      EV: 20    Int: 31 (32) God:
Gold:   299        SH:  3    Dex: 10 (12) Spells: 15/26 levels left

rFire   . . .        M - staff of earth
rCold   . . .        P - +0 buckler
rNeg    . . .        S - +0 troll leather armour
rPois   .            (no helmet)
rElec   .            B - +0 cloak
rCorr   .            O - +2 pair of gloves "Zyxuizil" {Str+3 Stlth+}
SInv    .            (no boots)
Will    +....        (no amulet)
Stlth   ++           d - +5 ring of evasion
HPRegen 1.10/turn    K - +5 ring of evasion
MPRegen 0.20/turn

%: random rage (9%)
@: unable to drink
A: high MP 1, forlorn, divine attributes, [berserk 2], [deformed body],
[deterioration 2], [frail 3], [screaming 2], [inability to drink after injury 2]
a: no special abilities


You were on level 2 of the Abyss.
You visited 1 branch of the dungeon, and saw 10 of its levels.
You visited the Abyss 1 time.

You collected 533 gold pieces.
You spent 234 gold pieces at shops.

Inventory:

Hand Weapons
 l - a +3 sling
 y - the +3 war axe of the Blind Eye {flame, rF+ Will+ MP+9}
   (You found it on level 4 of the Dungeon)

   rF:        It protects you from fire.
   MP:        It affects your magic capacity (+9).
   Will:      It increases your willpower.
Missiles
 f - 3 javelins
 h - 2 throwing nets
 m - 4 atropa-tipped darts
Armour
 v - a +1 leather armour of poison resistance
 B - a +0 cloak (worn)
 O - the +2 pair of gloves "Zyxuizil" (worn) {Str+3 Stlth+}
   (You found it on level 8 of the Dungeon)

   Str:       It affects your strength (+3).
   Stlth:     It makes you more stealthy.
 P - a +0 buckler (worn)
 S - a +0 troll leather armour (worn)
Magical Staves
 M - a staff of earth (weapon)
Jewellery
 d - a +5 ring of evasion (left hand)
 o - a ring of flight
 D - a ring of protection from fire
 K - a +5 ring of evasion (right hand)
Wands
 a - a wand of roots (4)
 b - a wand of paralysis (5)
 A - a wand of acid (12)
 L - a wand of flame (24)
 N - a wand of polymorph (13)
 R - a wand of mindburst (3)
Scrolls
 i - a scroll of immolation
 j - a scroll of fear
 n - 2 scrolls of blinking
 p - a scroll of brand weapon {unknown}
 u - a scroll of enchant armour {unknown}
 w - a scroll of poison
 z - 6 scrolls of teleportation
 C - 2 scrolls of enchant weapon
 E - a scroll of magic mapping
 J - 3 scrolls of noise
 U - a scroll of torment {unknown}
 V - a scroll of butterflies
Potions
 c - a potion of might
 e - 3 potions of curing
 g - a potion of heal wounds
 k - 4 potions of attraction
 q - a potion of invisibility
 r - 2 potions of berserk rage
 s - 3 potions of degeneration
 t - a potion of resistance
 x - a potion of mutation
 F - 2 potions of flight
 G - a potion of cancellation
 H - 2 potions of brilliance
 Q - 2 potions of magic
 T - a potion of haste


   Skills:
 + Level 6.5 Fighting
 - Level 4.6 Axes
 + Level 3.2 Staves
 - Level 1.7 Dodging
 - Level 1.7 Stealth
 + Level 8.0 Spellcasting
 + Level 7.5 Conjurations
 + Level 6.2 Fire Magic
 + Level 3.3 Air Magic
 * Level 7.1 Earth Magic


You had 15 spell levels left.
You knew the following spells:

 Your Spells              Type           Power      Damage    Failure   Level
a - Magic Dart            Conj           100%       1d8       1%          1
b - Searing Ray           Conj           100%       2d8       1%          2
c - Sandblast             Erth           100%       2d20      1%          1
d - Stone Arrow           Conj/Erth      100%       3d13      1%          3
e - Flame Wave            Conj/Fire      53%        2d13      4%          4

Your spell library contained the following spells:

 Spells                   Type           Power      Damage    Failure   Level
 Momentum Strike          Conj/Tloc      70%        3d9       2%          2
 Passwall                 Tmut/Erth      42%        N/A       2%          2
 Dazzling Flash           Conj/Hex       70%        N/A       4%          3
 Mephitic Cloud           Conj/Pois/Air  34%        N/A       5%          3
 Necrotise                Necr           48%        1d6       8%          1
 Cigotuvi's Dreadful Rot  Necr/Pois/Air  38%        N/A       8%          2
 Blink                    Tloc           24%        N/A       12%         2
 Call Imp                 Summ           24%        N/A       12%         2
 Ensorcelled Hibernation  Hex/Ice        24%        N/A       12%         2
 Lesser Beckoning         Tloc           24%        N/A       12%         2
 Fulminant Prism          Conj/Hex       17%        3d11      17%         4
 Iskenderun's Mystic Bla  Conj/Tloc      35%        2d8       17%         4
 Spider Form              Tmut/Pois      12%        N/A       24%         3
 Anguish                  Hex/Necr       6%         N/A       61%         4
 Plasma Beam              Fire/Air       21%        2x1d36    86%         6
 Simulacrum               Ice/Necr       6%         N/A       100%        6


Dungeon Overview and Level Annotations

Branches:
Dungeon (10/15)            Temple (0/1) D:4            Lair (0/5) D:9
    Orc (0/2) D:9

Shops:
D:10 ?

Annotations:
D:10 Erolcha


Innate Abilities, Weirdness & Mutations

You have an increased reservoir of magic. (+10% MP)
You shall have no god before yourself.
Your divine heritage dramatically boosts your attributes as you level up.
[You have an uncontrollable temper.]
[Armour fits poorly on your strangely shaped body.]
[Your body often deteriorates upon taking damage.]
[You are extremely frail. (-30% HP)]
[You frequently scream uncontrollably at your foes.]
[You sometimes lose the ability to drink potions when taking damage.]


Message History

The wretched star pulses with an eldritch light!
You feel frail. x2; Your body twists and deforms.
The wretched star pulses with an eldritch light!
You feel yourself wasting away.
You feel your body start to fall apart.
The wretched star pulses with an eldritch light!
The raiju bursts into living lightning!
The living lightning misses you.
The raiju blinks!
The raiju barely misses you.
Found a corrupted altar of Lugonu.
The raiju bursts into living lightning!
The living lightning hits you!
The raiju blinks!
The raiju barely misses you. The raiju closely misses you.
The raiju attacks as you move away! The raiju closely misses you.
A small abomination comes into view.
The raiju attacks as you move away! The raiju bites you. The raiju shocks you!
You feel threatened and lose the ability to drink potions!
Your body deteriorates!
You feel clumsy.
The raiju bursts into living lightning!
The living lightning misses you.
The raiju blinks!
The wretched star glows turbulently.
The lance of force hits you!
Your body deteriorates!
You feel clumsy.
You are knocked back by the lance of force.
You slam into the rock wall!
The raiju barely misses you. The raiju barely misses you.
A hell hog comes into view.
The wretched star pulses with an eldritch light!
You feel a little pissed off.
You feel extremely angry at everything!
You feel frail. The raiju attacks as you move away! The raiju misses you.
The hell hog squeals angrily.
The hell hog breathes fire at you.
The fireball explodes!
The fireball engulfs you!!!
Ouch! That really hurt!
* * * LOW HITPOINT WARNING * * *
Your body deteriorates!
You feel dopey.
The raiju bursts into living lightning!
The living lightning hits you!!
You die...

.... .# X....
.# .ยง...
.#####. ###..##
.......
....#..#....*..
.......x#
.......h#
..h.....#
.....#.@#
.........#
.........#
.........#
....##.... ....
.....# ..#
....#. ..
........


You could see a hell hog, a raiju and a small abomination.

Vanquished Creatures
  3 two-headed ogres
  5 death yaks (D:9)
  Joseph (D:7)
  A centaur zombie (D:10)
  An unseen horror zombie (D:10)
  2 trolls
  A hornet (D:10)
  Grinder (D:5)
  A wyvern (D:10)
  A shadow (D:10)
  4 vampires (D:10)
  3 wraiths
  8 yaks
  A fire bat (shapeshifter) (D:9)
  Menkaure (D:7)
  A steam dragon (D:8)
  2 water moccasins
  3 ice beasts
  A black bear (D:7)
  An orc warrior (D:8)
  A sky beast (D:8)
  An ogre (D:5)
  3 centaurs
  2 phantoms (D:6)
  2 bullfrogs (D:8)
  4 kobold brigands
  4 gnoll sergeants
  5 scorpions
  4 wights (D:8)
  2 howler monkeys (D:8)
  7 orc priests
  3 gnoll boudas
  A hound (D:6)
  2 jellies
  3 iguanas (D:5)
  Terence (D:3)
  An orc wizard (D:5)
  2 human simulacra (D:10)
  30 gnolls
  7 adders
  2 shadow imps
  2 white imps
  2 ufetubi
  A worm (D:4)
  7 dart slugs
  10 orcs
  4 ball pythons
  9 endoplasms
  6 giant cockroaches
  6 goblins
  8 hobgoblins
  9 jackals
  31 kobolds
  3 quokkas
  7 bats
  3 frilled lizards
  7 rats
244 creatures vanquished.

Notes
Turn   | Place    | Note
-------+----------+-------------------------------------------
     0 | D:1      | tizbic2 the Demigod Conjurer began the quest for the Orb.
     0 | D:1      | Reached XP level 1. HP: 14/14 MP: 5/5
    79 | D:1      | Reached skill level 2 in Spellcasting
    95 | D:1      | Reached XP level 2. HP: 18/22 MP: 0/7
   353 | D:1      | Learned a level 2 spell: Searing Ray
   468 | D:1      | Reached skill level 1 in Fighting
   604 | D:1      | Reached XP level 3. HP: 26/28 MP: 4/9
  1400 | D:2      | Got the Omnibus of Dark Lava
  1759 | D:3      | Reached XP level 4. HP: 35/35 MP: 11/11
  1857 | D:3      | Reached skill level 3 in Spellcasting
  1871 | D:3      | Learned a level 1 spell: Sandblast
  2146 | D:3      | Noticed Terence
  2154 | D:3      | Killed Terence
  2155 | D:3      | Reached XP level 5. HP: 30/41 MP: 6/12
  2295 | D:4      | Reached skill level 1 in Fire Magic
  2295 | D:4      | Reached skill level 1 in Earth Magic
  2872 | D:4      | Found a staircase to the Ecumenical Temple.
  2901 | D:4      | Identified the +3 war axe of the Blind Eye {flame, rF+
                  | Will+ MP+9}
  3363 | D:5      | Entered Level 5 of the Dungeon
  3363 | D:5      | Noticed Grinder
  3415 | D:5      | Reached XP level 6. HP: 49/49 MP: 14/14
  3596 | D:5      | Paralysed by Grinder for 3 turns
  3604 | D:5      | Killed Grinder
  3605 | D:5      | Reached skill level 1 in Axes
  3605 | D:5      | Reached skill level 4 in Spellcasting
  3756 | D:5      | Reached XP level 7. HP: 56/56 MP: 16/16
  4125 | D:5      | Reached skill level 5 in Conjurations
  4427 | D:6      | Reached skill level 5 in Spellcasting
  4427 | D:6      | Reached XP level 8. HP: 59/63 MP: 19/19
  4436 | D:6      | Learned a level 3 spell: Stone Arrow
  5123 | D:7      | Noticed Menkaure
  5126 | D:7      | Killed Menkaure
  5761 | D:7      | Noticed Joseph
  5769 | D:7      | Paralysed by Joseph for 5 turns
  5785 | D:7      | Killed Joseph
  5786 | D:7      | Reached skill level 6 in Spellcasting
  5786 | D:7      | Reached XP level 9. HP: 33/72 MP: 18/22
  6738 | D:8      | Identified the +2 pair of gloves "Zyxuizil" {Str+3 Stlth+}
  6865 | D:8      | Noticed a two-headed ogre
  6872 | D:8      | Killed a two-headed ogre
  6873 | D:8      | Reached skill level 5 in Fighting
  7045 | D:8      | Reached skill level 7 in Spellcasting
  7392 | D:9      | Noticed a two-headed ogre
  7426 | D:9      | Killed a two-headed ogre
  7427 | D:9      | Reached skill level 5 in Fire Magic
  7427 | D:9      | Reached XP level 10. HP: 67/81 MP: 4/25
  7580 | D:9      | Noticed a two-headed ogre
  7589 | D:9      | Killed a two-headed ogre
  7590 | D:9      | Reached skill level 1 in Air Magic
  7590 | D:9      | Reached skill level 5 in Earth Magic
  7711 | D:9      | Noticed a death yak
  7730 | D:9      | Killed a death yak
  7731 | D:9      | Reached skill level 1 in Staves
  7835 | D:9      | Found a staircase to the Lair.
  7835 | D:9      | Noticed a death yak
  7835 | D:9      | Noticed a death yak
  7884 | D:9      | Killed a death yak
  7971 | D:9      | Noticed a death yak
  7972 | D:9      | Noticed a death yak
  7995 | D:9      | Killed a death yak
  8118 | D:9      | Killed a death yak
  8344 | D:9      | Killed a death yak
  8582 | D:9      | Reached XP level 11. HP: 82/89 MP: 16/26
  8886 | D:9      | Found a staircase to the Orcish Mines.
  9155 | D:9      | Learned a level 4 spell: Flame Wave
  9162 | D:10     | Entered Level 10 of the Dungeon
  9806 | D:10     | Found Icregul's Magic Scroll Boutique.
  9811 | D:10     | Bought a scroll of identify for 26 gold pieces
  9811 | D:10     | Bought a scroll of teleportation for 39 gold pieces
  9811 | D:10     | Bought a scroll of teleportation for 39 gold pieces
  9811 | D:10     | Bought a scroll of identify for 26 gold pieces
  9811 | D:10     | Bought 2 scrolls of noise for 26 gold pieces
  9811 | D:10     | Bought a scroll of butterflies for 52 gold pieces
  9811 | D:10     | Bought a scroll of identify for 26 gold pieces
 10001 | D:10     | Reached skill level 8 in Spellcasting
 10005 | D:10     | Noticed Erolcha
 10031 | Abyss:2  | Cast into level 2 of the Abyss (Erolcha)
 10129 | Abyss:2  | Noticed a wretched star
 10158 | Abyss:2  | Noticed a tentacled starspawn
 10158 | Abyss:2  | Noticed a hell hog
 10161 | Abyss:2  | Killed from afar by a raiju

Illustrated notes

Levels and vault maps discovered:
D:1:      amcnicky_arrival_underground_garden, layout_loops_ring,
          dreamdust_ecumenical_altar_angels_and_demons, hangedman_decor_opposing
D:2:      layout_loops_cross, grunt_ministairs_1
D:3:      layout_rooms, mainiacjoe_overflow_surrounded_room, st_stairs_14,
          uniq_terence
D:4:      layout_basic, minmay_temple_entry_antechambers
D:5:      layout_cave_pools, nicolae_qazlal_general_emergency,
          overflow_temple_1_default, kennysheep_opposing_triangles, uniq_grinder
D:6:      layout_loops_cross, okawaru_metal_pillars_3, general_overflow_altar,
          dreamdust_mushroom_princess
D:7:      layout_cave_pods, riverfiend_overflow_shadow_ancestor,
          nicolae_ru_awakened_eye, uniq_joseph, uniq_menkaure
D:8:      layout_loops_ring, good_gods_temple_1
D:9:      layout_long_grid, mainiacjoe_overflow_24_doors, grunt_gozag_statues,
          cheibrodos_ashenzari_chains, nicolae_sif_muna_condensation,
          dpeg_lair_monsters, orc_0_dummy, minmay_microvault
D:10:     layout_basic, mainiacjoe_overflow_alcove_2, serial_undead,
          serial_undead_c, serial_undead_e, serial_undead_c, serial_undead_e,
          serial_shops, nicolae_shop_hallway_stairs, bh_circular_ruins,
          uniq_erolcha
Abyss:2:  base: D:2, base:
D:9

Skill      XL: |  1  2  3  4  5  6  7  8  9 10 11 |
---------------+----------------------------------+-----
Spellcasting   | 2 3 4 5 6 7 8 |  8.0
Fighting       | 1 2 3 4 5 6 |  6.5
Conjurations   | 4 5 6 7 |  7.5
Fire Magic     | 1 2 3 5 6 |  6.2
Earth Magic    | 1 2 3 4 6 7 |  7.1
Axes           | 1 2 3 4 |  4.6
Air Magic      | 2 3 |  3.3
Staves         | 2 3 |  3.2
Dodging        | |  1.7
Stealth        | |  1.7

Action                     |  1- 3 |  4- 6 |  7- 9 | 10-12 || total
---------------------------+-------+-------+-------+-------++-------
  Melee: Short sword       |    25 |       |       |       ||    25
         Dagger            |    47 |       |       |       ||    47
         War axe           |       |    14 |    27 |       ||    41
         Punch             |       |       |     1 |       ||     1
         Staff             |       |       |     3 |     8 ||    11
   Fire: Sling             |    32 |    39 |     4 |       ||    75
   Cast: Magic Dart        |    36 |    24 |    37 |    32 ||   129
         Searing Ray       |    10 |    18 |    40 |    15 ||    83
         Sandblast         |       |    24 |    20 |    16 ||    60
         Stone Arrow       |       |       |    47 |    52 ||    99
         Flame Wave        |       |       |       |     6 ||     6
    Use: Scroll            |     5 |     7 |     3 |     7 ||    22
         Potion            |       |     2 |     3 |     5 ||    10
   Stab: Sleeping          |     3 |       |       |       ||     3
 Armour: Robe              |     9 |       |       |       ||     9
         Ring mail         |    25 |    24 |       |       ||    49
         Leather armour    |       |       |    22 |     8 ||    30
         Troll leather arm |       |       |       |     7 ||     7
  Dodge: Dodged            |    76 |    59 |   124 |    97 ||   356
  Block: Buckler           |       |       |       |     6 ||     6
